 Dungeon Sprint DCSS version 0.16.2-12-gd0ad4c3 (webtiles) character file.

160 musteatbrain the Chopper (level 5, -1/47 HPs)
             Began as a Demonspawn Chaos Knight on Oct 15, 2015.
             Splashed by a jelly's acid (14 damage)
             ... in the Dungeon (Sprint I: "Red Sonja").
             The game lasted 00:01:09 (373 turns).

musteatbrain the Chopper (Demonspawn Chaos Knight)   Turns: 373, Time: 00:01:12

Health: -1/47      AC: -8    Str: 13    XL:     5   Next: 17%
Magic:  0/5        EV: 13    Int: 13    God:    Xom [.....*]
Gold:   162        SH:  0    Dex: 13    Spells: 0 memorised, 4 levels left

rFire  . . .     SeeInvis .     a - +0 hand axe (chaos)
rCold  . . .     Clarity  .     b - +2 leather armour
rNeg   . . .     SustAb   .     (no shield)
rPois  .         Gourm    .     (no helmet)
rElec  .         Spirit   +     (no cloak)
rCorr  .         Warding  .     (no gloves)
rMut   .         NoTele   +     (no boots)
MR     .....                    j - amulet of guardian spirit
Stlth  +.........               (no ring)
                                (no ring)

@: corroded equipment, not resistant to hostile enchantments, very unstealthy
A: rugged brown scales 1, powered by death 2
a: Renounce Religion


You were in the Dungeon.
You worshipped Xom.
You were Xom's teddy bear.
You were not hungry.

You visited 1 branch You collected 162 gold pieces.

Inventory:

Hand weapons
 a - a +0 hand axe of chaos (weapon)
Armour
 b - a +2 leather armour (worn)
Jewellery
 j - an amulet of guardian spirit (around neck)
Scrolls
 i - a scroll of blinking
Potions
 d - a potion of curing
 f - a potion of haste
 g - 2 potions of magic
 h - a potion of berserk rage
Comestibles
 c - a bread ration


   Skills:
 + Level 6.1 Fighting
 * Level 7.6 Axes
 - Level 1.7 Armour
 + Level 4.1 Dodging


You had 4 spell levels left.
You didn't know any spells.

Dungeon Overview and Level Annotations

Branches:
Dungeon (1/1)

Altars:
Sif Muna
Vehumet


Innate Abilities, Weirdness & Mutations

You are partially covered in rugged brown scales (AC +1, +3% HP).
You can steal the life force of defeated enemies.


Message History

The acid corrodes your equipment!
The acid burns!
You hit the jelly. You freeze the jelly.
The jelly is heavily wounded.
The jelly hits you.
You are splashed with acid!
The acid burns!
* * * LOW HITPOINT WARNING * * *
You feel much better. The jelly hits you.
You are splashed with acid!
The acid burns!
You see here a bread ration.
There is an open door here.
You feel your power drawn to a protective spirit.
j - an amulet of guardian spirit (around neck)
You hear a slurping noise.
The jelly misses you.
You hit the jelly but do no damage.
The jelly is moderately wounded.
The jelly hits you.
* * * LOW HITPOINT WARNING * * *
You are splashed with acid!
The acid corrodes your equipment!
The acid burns!
You die...
Xom snickers!

################
#<.#..').#..'..#
#..'..#..').#..+
#..#####'#####@#
#..# #..# #J#
#..# #### ##.#
#..# #..+ #⌠⌠#
+..._# ####
#_.#+# ##+


You could see a jelly.

Vanquished Creatures
  An ogre (D)
  Sigmund (D)
  Ijyb (D)
3 creatures vanquished.

Notes
Turn   | Place    | Note
--------------------------------------------------------------
     0 | D        | musteatbrain, the Demonspawn Chaos Knight, began the quest for the Orb.
     0 | D        | Reached XP level 1. HP: 18/18 MP: 1/1
     2 | D        | Noticed Ijyb
     3 | D        | XOM: potion effect (invisibility)
    23 | D        | Killed Ijyb
    23 | D        | Reached skill level 4 in Fighting
    23 | D        | Gained mutation: You can steal the life force of nearby defeated enemies. [demonic ancestry]
    23 | D        | Reached XP level 2. HP: 23/25 MP: 2/2
    27 | D        | Noticed an ogre
    35 | D        | Killed an ogre
    35 | D        | Reached skill level 5 in Fighting
    35 | D        | Reached skill level 6 in Axes
    35 | D        | Gained mutation: You are partially covered in rugged brown scales (AC +1, +3% HP). [demonic ancestry]
    35 | D        | Reached XP level 3. HP: 12/33 MP: 3/3
    35 | D        | Gained mutation: You can steal the life force of defeated enemies. [demonic ancestry]
    35 | D        | Reached XP level 4. HP: 14/40 MP: 4/4
    86 | D        | XOM: silly message
   212 | D        | Noticed Sigmund
   219 | D        | XOM: summons 4 friendly demons
   222 | D        | Killed Sigmund
   222 | D        | Reached skill level 7 in Axes
   222 | D        | Reached XP level 5. HP: 28/47 MP: 5/5
   360 | D        | Found a deep blue altar of Sif Muna.
   361 | D        | Noticed a jelly
   362 | D        | Found a radiant altar of Vehumet.
   373 | D        | Splashed by a jelly's acid

Action                   |  1- 3 |  4- 6 || total
-------------------------+-------+-------++-------
Melee: Hand axe          |    27 |    12 ||    39
  Use: Potion            |       |     1 ||     1
 Stab: Petrified         |     2 |       ||     2
       Invisible         |     2 |       ||     2
